 Dungeon Crawl Stone Soup version 0.29-a0-559-g359e09b9d1 (webtiles) character file.

Game seed: 2991985616386621692

208 dolemite99 the Skirmisher (level 6, -3/48 HPs)
             Began as a Djinni Conjurer on June 9, 2022.
             Was a Believer of Dithmenos.
             Slain by a scorpion (4 damage)
             ... on level 4 of the Dungeon.
             The game lasted 00:07:30 (6007 turns).

dolemite99 the Skirmisher (Djinni Conjurer)         Turns: 6007, Time: 00:07:30

Health: -3/48      AC:  4    Str:  6    XL:     6   Next: 11%
Gold:   176        EV: 12    Int: 22    God:    Dithmenos [**....] SH:  0 Dex: 11

rFire   + + .      SeeInvis .   b - +2 hunting sling
rCold   x . .      Faith    .   (no shield)
rNeg    . . .      Spirit   .   v - +1 robe {Will+}
rPois   ∞          Reflect  .   p - +0 helmet
rElec   .          Harm     .   (no cloak)
rCorr   .          Rampage  .   (no gloves)
Will    +....                   (boots unavailable)
Stlth   ++........              (no amulet)
HPRegen 0.16/turn               (no ring)
MPRegen 0.00/turn               (no ring)

@: on berserk cooldown, flying, slowed, wreathed by umbra, very slow
A: sickness immunity, fire resistance 2, cold vulnerability 1, float, innate
caster, HP casting, extra vitality 1
a: Renounce Religion, Shadow Step


You were on level 4 of the Dungeon.
You worshipped Dithmenos.
Dithmenos was pleased with you.
You visited 1 branch of the dungeon, and saw 4 of its levels.

You collected 176 gold pieces.

Inventory:

Hand Weapons
 b - a +2 hunting sling (weapon)
 d - a +2 whip of holy wrath
 q - a +3 dagger of draining
 s - a +1 dagger of venom
Armour
 f - a +0 robe
 p - a +0 helmet (worn)
 v - a +1 robe of willpower (worn)
Magical Staves
 a - a staff of conjuration
Scrolls
 e - a scroll of silence
 h - a scroll of enchant armour {unknown}
 i - a scroll of blinking {unknown}
 l - a scroll of identify {@r1}
Potions
 g - a potion of heal wounds {unknown}
 j - a potion of flight {unknown}
 k - a potion of experience {unknown}
 n - a potion of degeneration {unknown}
 o - a potion of magic {unknown}
 r - a potion of attraction {unknown}
 t - 2 potions of mutation {unknown}
 u - 2 potions of lignification {unknown}


   Skills:
 - Level 4.7 Fighting
 - Level 2.2 Dodging
 - Level 1.6 Stealth
 + Level 3.8 Spellcasting


You couldn't memorise any spells.
You knew the following spells:

 Your Spells              Type           Power      Damage    Failure   Level
a - Magic Dart            Conj           84%        1d7       2%          1
b - Foxfire               Conj/Fire      84%        2x1d8     2%          1
c - Dazzling Flash        Conj/Hex       42%        N/A       7%          3
d - Fulminant Prism       Conj/Hex       10%        3d9       24%         4
e - Iskenderun's Mystic   Conj/Tloc      21%        2d6       24%         4
f - Searing Ray           Conj           42%        2d6       3%          2
z - Blink                 Tloc           42%        N/A       3%          2
Your spell library was empty.

Dungeon Overview and Level Annotations

Branches:
Dungeon (4/15)
 Temple: D:4-7

Altars:
Dithmenos

Annotations:
D:4 Edmund


Innate Abilities, Weirdness & Mutations

You are immune to sickness and miasma.
You are immune to poison.
Your flesh is very heat resistant. (rF++)
You are vulnerable to cold. (rC-)
You float through the air rather than walking.
You learn spells naturally, not from books.
Your magical power is your life essence.
You have superior vitality. (+4 MHP)


Message History

Edmund is heavily wounded.
You finish channelling your searing ray.
The scorpion stings you but does no damage.
Edmund hits you with a +2 flail of protection!
Okay, then.
Okay, then.
Casting: Searing Ray (safe; 3% risk of failure)
Confirm with . or Enter, or press ? or * to list all spells.
Casting: Dazzling Flash (dangerous; 7% risk of failure)
Press: ? - help, Dir - look around, f - activate Edmund is dazzled.
The scorpion is dazzled.
The scorpion stings you but does no damage.
Edmund hits you with a +2 flail of protection!
* * * LOW HITPOINT WARNING * * *
The scorpion misses you.
As you read the scroll of teleportation, it crumbles to dust.
You feel strangely unstable. The scorpion stings you.
* * * LOW HITPOINT WARNING * * *
Edmund hits you with a +2 flail of protection.
* * * LOW HITPOINT WARNING * * *
Do you really want to go berserk while wielding your +2 hunting sling?
A red film seems to cover your vision as you go berserk!
You feel yourself moving faster!
You feel mighty! The scorpion stings you.
* * * LOW HITPOINT WARNING * * *
Edmund closely misses you.
You feel a strong urge to attack something.
Edmund is no longer blind.
The scorpion is no longer blind.
You feel your anger nearly subside.
You are no longer berserk.
You are exhausted.
You feel yourself slow down.
Your surroundings suddenly seem different.
A goblin, a scorpion and a kobold come into view.
Found 10 gold pieces, 2 poisoned darts, a robe and a viscous blue potion.
Found a stone staircase leading up.
The kobold shouts!
The goblin barely misses you. The kobold hits you with a +0 club.
* * * LOW HITPOINT WARNING * * *
The scorpion stings you.
You die...

*** ***** *.## *,,,** ##..#
*,,,,* ###.!.#****
**,[####.#...#*,,**
*,......#...#,,,,*
*,..........#,,,,**
*,.......Kg##,,,,,**
**#..<...@s.#,,>**,**
####...##.#,,,*,,,**
***##..,,,..,,,,,,,****
**,,....***,...,,,,,,,,##
*,,(....***,,$..,,,,,,,..
****......#**,,,,..,,,,,,,..
**,**......***,,,,,.,,,,,,,,#
**,,,*##....**,,^,,,**,,**,,,*
*,,,,*,,,,*,,,,****,*,,,*,,***


You could see a scorpion, a goblin and a kobold.

Vanquished Creatures
  A hound (D:4)
  Terence (D:2)
  An orc wizard (D:3)
  3 adders
  3 worms
  5 dart slugs
  3 orcs (D:3)
  12 ball pythons
  6 bats
  4 endoplasms
  3 giant cockroaches (D:1)
  4 goblins
  5 hobgoblins
  4 jackals (D:3)
  9 kobolds
  7 quokkas
  2 frilled lizards (D:2)
  9 rats
82 creatures vanquished.

Vanquished Creatures (others)
  25 foxfires
25 creatures vanquished.

Grand Total: 107 creatures vanquished

Notes
Turn   | Place    | Note
-------+----------+-------------------------------------------
     0 | D:1      | dolemite99 the Djinni Conjurer began the quest for the Orb.
     0 | D:1      | Reached XP level 1. HP: 15/15 MP: 0/0
   771 | D:1      | Reached XP level 2. HP: 14/22 MP: 0/0
  1197 | D:1      | Reached skill level 1 in Fighting
  1395 | D:1      | Reached XP level 3. HP: 18/27 MP: 0/0
  1395 | D:1      | Learned a level 1 spell: Foxfire
  1699 | D:1      | Found a faded altar of an unknown god.
  1998 | D:1      | Prayed at the altar of an unknown god.
  1998 | D:1      | Became a worshipper of Dithmenos the Shadowed
  1998 | D:1      | Reached * piety under Dithmenos
  2023 | D:1      | Reached skill level 2 in Fighting
  2816 | D:2      | Reached XP level 4. HP: 24/34 MP: 0/0
  3200 | D:2      | Reached skill level 3 in Fighting
  3356 | D:2      | Noticed Terence
  3366 | D:2      | Killed Terence
  3959 | D:2      | Reached XP level 5. HP: 40/41 MP: 0/0
  3959 | D:2      | Learned a level 2 spell: Blink
  4354 | D:3      | Reached skill level 4 in Fighting
  5464 | D:3      | Reached ** piety under Dithmenos
  5790 | D:4      | Reached XP level 6. HP: 41/48 MP: 0/0
  5992 | D:4      | Noticed Edmund
  6007 | D:4      | HP: 1/48 [kobold/+0 club (4)]
  6007 | D:4      | Slain by a scorpion

Illustrated notes

Levels and vault maps discovered:
D:1:      scummos_arrival_forest, layout_basic,
          hellmonk_ecumenical_altar_arch_garden
D:2:      layout_basic, amethyst_killhole, minmay_pentomino_o2, uniq_terence
D:3:      layout_basic, corexii_shack
D:4:      layout_cave_pools, grunt_temple_overflow_opulence,
          chequers_decorated_corner, uniq_edmund

Skill      XL: |  1  2  3  4  5 |
---------------+----------------+-----
Fighting       | 1 2 3 4 |  4.7
Dodging        | |  2.2
Stealth        | |  1.6
Spellcasting   | |  3.8

Action                   |  1- 3 |  4- 6 || total
-------------------------+-------+-------++-------
Melee: Staff             |       |     4 ||     4
 Fire: Hunting sling     |       |    18 ||    18
 Cast: Magic Dart        |    56 |    63 ||   119
       Searing Ray       |     3 |     6 ||     9
       Foxfire           |       |    14 ||    14
       Dazzling Flash    |       |     2 ||     2
  Use: Scroll            |     3 |     7 ||    10
       Potion            |       |     1 ||     1
Armor: Robe              |     1 |     7 ||     8
Dodge: Dodged            |    13 |    16 ||    29

Table legend: (Time is in decaauts)
 A = Elapsed time spent in this place.
 B = Non-inter-level travel time spent in this place.
 C = Inter-level travel time spent in this place.
 D = Time resting spent in this place.
 E = Time spent auto-exploring this place.
 F = Levels seen in this place.
 G = Mean time per level.
                   A        B        C        D        E       F      G
               +--------+--------+--------+--------+--------+-----+--------+
         Total |   6013 |   5816 |    197 |   2496 |   2664 |   4 | 1503.2 |
       Dungeon |   6013 |   5816 |    197 |   2496 |   2664 |   4 | 1503.2 |
               +--------+--------+--------+--------+--------+-----+--------+

Top non-repeatable levels by time:
     D:1: 2799 daAuts
     D:2: 1459 daAuts
     D:3: 1450 daAuts
     D:4: 304 daAuts
